 Dungeon Crawl Stone Soup version 0.24.0-123-gd5b16e6ec5 (webtiles) character file.

Game seed: 3609976982807409107, levelgen mode: deterministic

1822 Froggeryz the Cleaver (level 8, -10/63 HPs)
             Began as a Minotaur Fire Elementalist on Dec 31, 2019.
             Was an Initiate of Okawaru.
             Mangled by a wight
             ... wielding a +4 battleaxe
              (13 damage)
             ... on level 7 of the Dungeon.
             The game lasted 00:11:49 (6476 turns).

Froggeryz the Cleaver (Minotaur Fire Elementalist)  Turns: 6476, Time: 00:11:49

Health: -10/63     AC:  9    Str: 17    XL:     8   Next: 85%
Magic:  9/9        EV: 10    Int: 12    God:    Okawaru [......]
Gold:   297        SH:  0    Dex: 13    Spells: 8/9 levels left

rFire    . . .     SeeInvis .   E - +2 hand axe of the Mosquito {speed, rC+ Str+2 Dex+2 Stlth+}
rCold    + . .     Gourm    .   (no shield)
rNeg     . . .     Faith    .   d - +0 scale mail
rPois    .         Spirit   .   (helmet restricted)
rElec    .         Reflect  .   h - +0 cloak
rCorr    .         Harm     .   (no gloves)
MR       +....                  o - +0 pair of boots
Stlth    +.........             (no amulet)
HPRegen  0.20/turn              (no ring)
MPRegen  0.11/turn              l - ring of protection from magic

@: flying, lightly drained, invisible
A: retaliatory headbutt, horns 2
a: Renounce Religion


You were on level 7 of the Dungeon.
You worshipped Okawaru.
Okawaru was noncommittal.
You were hungry.

You visited 1 branch of the dungeon, and saw 7 of its levels.
You also visited: Ossuary.

You collected 297 gold pieces.

Inventory:

Hand Weapons
 p - a +0 hand axe of flaming
 q - a +0 hand axe of freezing
 w - a +0 war axe
 E - the +2 hand axe of the Mosquito (weapon) {speed, rC+ Str+2 Dex+2 Stlth+}
   (You found it on level 6 of the Dungeon)

   Attacks with this weapon are significantly faster.
   It affects your strength (+2).
   It affects your dexterity (+2).
   It protects you from cold.
   It makes you more stealthy.
Missiles
 g - 20 boomerangs (quivered)
 u - 19 poisoned darts
Armour
 d - a +0 scale mail (worn)
 h - a +0 cloak (worn)
 o - a +0 pair of boots (worn)
 F - a +0 plate armour of fire resistance
Jewellery
 l - a ring of protection from magic (right hand)
Wands
 a - a wand of flame (13)
 n - a wand of polymorph (7)
Scrolls
 j - 4 scrolls of teleportation
 m - 2 scrolls of fear
 s - a scroll of magic mapping
 t - a scroll of fog {unknown}
 v - a scroll of immolation {unknown}
 y - 5 scrolls of identify
 z - a scroll of remove curse
 C - a scroll of amnesia
Potions
 b - 5 potions of degeneration
 e - 2 potions of magic
 f - 3 potions of lignification
 i - a potion of ambrosia
 k - 3 potions of curing
 r - a potion of flight
 x - 3 potions of haste
 B - a potion of brilliance {unknown}
Comestibles
 c - 7 rations


   Skills:
 - Level 3.0(2.4) Fighting
 + Level 11.8(11.1) Axes
 - Level 5.2(4.6) Armour
 - Level 2.1(1.6) Dodging
 - Level 1.5(1.0) Stealth
 - Level 1.3(0.8) Spellcasting
 - Level 0.6(0.1) Conjurations
 - Level 2.1(1.6) Fire Magic


You had 8 spell levels left.
You knew the following spells:

 Your Spells              Type           Power        Failure   Level  Hunger
a - Flame Tongue          Conj/Fire      #....        56%         1    ##.....

Your spell library contained the following spells:

 Spells                   Type           Power        Failure   Level  Hunger
 Animate Skeleton         Necr           N/A          69%         1    ##.....
 Pain                     Necr           #...         69%         1    ##.....
 Throw Flame              Conj/Fire      #.....       71%         2    ###....
 Conjure Flame            Conj/Fire      #.......     90%         3    ####...
 Inner Flame              Hex/Fire       #.......     91%         3    ####...
 Regeneration             Chrm/Necr      #.........   96%         3    ####...
 Vampiric Draining        Necr           #.........   96%         3    ####...
 Animate Dead             Necr           N/A          100%        4    #####..
 Sticky Flame             Conj/Fire      #.......     100%        4    #####..
 Fireball                 Conj/Fire      #.........   100%        5    ######.


Dungeon Overview and Level Annotations

Branches:
Dungeon (7/15)             Temple (0/1) D:7         Ossuary (visited)

Altars:
Cheibriados
Gozag
Okawaru
Sif Muna
Trog
Vehumet

Annotations:
D:4 exclusion: statue


Innate Abilities, Weirdness & Mutations

You reflexively headbutt those who attack you in melee.
You have a pair of horns on your head.


Message History

A centaur comes into view.
It is wielding a +2 trident of protection.
The wight hits you with a +4 battleaxe!
* * * LOW HITPOINT WARNING * * *
You feel drained.
The wight hits you with a cursed +3 halberd!
* * * LOW HITPOINT WARNING * * *
Unknown command.
It was a potion of flight.
You feel very buoyant.
You fly up into the air.
The centaur shouts!
The centaur unwields a +2 trident of protection.
The centaur wields a +0 shortbow.
The centaur shoots an arrow.
The arrow hits you but does no damage.
It was a potion of invisibility.
You fade into invisibility!
The centaur shoots an arrow.
The arrow hits you.
* * * LOW HITPOINT WARNING * * *
The wight hits you with a +4 battleaxe!
You die...

*,......* #....#.#####
*,......### #....#.# #
*,........# #....#.#####
*,........######....#......
*,........#...##....#..####
*,.?......#..<#*...,#..#..,
#####**,........#.).#*#.#*#..#.#*
....,****####.†z#..)###c###..#.##
...,,,,,.......z@[.............).
..,,,,,,.........................
.#,*,***#########.%.......#..#.#.
.#,*,* #...#######..#.#, .#,*,*
##### *,,...#.., .#,*,*
*,###.###. o#,*,* *,,,...,,.
z..,,* *,,*#.##*, ...#**
*,,*#.#**,


You could see a centaur and 2 wights.

Vanquished Creatures
  Menkaure (D:4)
  Edmund (D:4)
  A water moccasin (D:5)
  An ogre (D:4)
  A centaur (D:7)
  An elf zombie (Ossuary)
  2 bullfrogs
  A scorpion (D:5)
  3 killer bees
  A wight (D:7)
  A howler monkey (D:6)
  2 crimson imps (D:6)
  2 human zombies (Ossuary)
  3 orc priests
  2 hounds
  A jelly (D:5)
  4 orc wizards
  A bullfrog skeleton (D:4)
  Terence (D:1)
  3 worker ants
  Ijyb (D:5)
  2 hound skeletons
  2 mummies (Ossuary)
  A howler monkey zombie (D:5)
  4 gnolls (D:3)
  7 adders
  2 oozes (D:1)
  3 worms
  A dart slug (D:3)
  6 leopard geckos
  13 orcs
  2 ball pythons (D:2)
  3 giant cockroaches
  7 goblins
  6 hobgoblins
  6 jackals
  2 quokkas
  A ball python skeleton (D:6)
  14 bats
  5 frilled lizards
  A goblin zombie (Ossuary)
  10 hobgoblin zombies (Ossuary)
  A jackal zombie (Ossuary)
  6 kobolds
  6 kobold zombies (Ossuary)
  A leopard gecko zombie (D:6)
  12 orc zombies (Ossuary)
  6 rats
  3 rat zombies (Ossuary)
167 creatures vanquished.

Notes
Turn   | Place    | Note
-------+----------+-------------------------------------------
     0 | D:1      | Froggeryz the Minotaur Fire Elementalist began the quest
                  | for the Orb.
     0 | D:1      | Reached XP level 1. HP: 14/14 MP: 1/1
   216 | D:1      | Reached skill level 1 in Fighting
   346 | D:1      | Reached XP level 2. HP: 24/24 MP: 3/3
   497 | D:1      | Reached skill level 1 in Axes
   668 | D:1      | Reached XP level 3. HP: 25/30 MP: 4/4
   763 | D:2      | Noticed Terence
   776 | D:1      | HP: 1/30 [leopard gecko (3)]
  1104 | D:1      | Killed Terence
  1104 | D:1      | Reached skill level 2 in Axes
  1127 | D:2      | Reached skill level 3 in Axes
  1144 | D:2      | Reached XP level 4. HP: 34/37 MP: 5/5
  1568 | D:2      | Reached skill level 4 in Axes
  1782 | D:2      | Reached XP level 5. HP: 33/44 MP: 6/6
  1884 | D:3      | Reached skill level 5 in Axes
  2060 | D:3      | Found a faded altar of an unknown god.
  2104 | D:3      | Reached skill level 1 in Armour
  2422 | D:2      | Found a shimmering blue altar of Sif Muna.
  2836 | D:4      | Reached XP level 6. HP: 37/50 MP: 7/7
  2843 | D:4      | Noticed Edmund
  3088 | D:4      | Reached skill level 6 in Axes
  3242 | D:4      | Noticed Menkaure
  3246 | D:4      | Killed Menkaure
  3446 | D:4      | Reached XP level 7. HP: 52/56 MP: 8/8
  3456 | D:4      | Reached skill level 7 in Axes
  3494 | D:4      | Found an opulent altar of Gozag.
  3651 | D:4      | Killed Edmund
  3651 | D:4      | Reached skill level 5 in Armour
  3702 | D:4      | Found an iron altar of Okawaru.
  3807 | D:4      | Became a worshipper of Warmaster Okawaru
  3949 | D:4      | Found a radiant altar of Vehumet.
  4017 | D:5      | Entered Level 5 of the Dungeon
  4025 | D:5      | Noticed Ijyb
  4036 | D:5      | Killed Ijyb
  4160 | D:5      | Reached skill level 8 in Axes
  4255 | D:5      | Found a snail-covered altar of Cheibriados.
  4315 | D:5      | Found a sand-covered staircase.
  4322 | Ossuary  | Entered an ossuary
  4475 | Ossuary  | Reached XP level 8. HP: 41/63 MP: 9/9
  4479 | Ossuary  | Reached skill level 9 in Axes
  5447 | D:5      | Found a bloodstained altar of Trog.
  5506 | D:6      | Reached skill level 10 in Axes
  5675 | D:6      | Got a crude hand axe
  5676 | D:6      | Identified the cursed +2 hand axe of the Mosquito {speed,
                  | rC+ Str+2 Dex+2 Stlth+} (You found it on level 6 of the
                  | Dungeon)
  6121 | D:7      | Reached skill level 11 in Axes
  6476 | D:7      | HP: 3/63 [centaur/arrow (2)]
  6476 | D:7      | Mangled by a wight

Levels and vault maps discovered:
D:1:      psy_arrival_basics, layout_basic, chequers_serial_rivers_room_b,
          hex_medium, chequers_serial_rivers_micro_d
D:2:      minmay_alternating_diamond, layout_loops_cross,
          nicolae_overflow_hidden_temple, uniq_terence
D:3:      layout_rooms, chequers_ecumenical_altar_simple
D:4:      layout_loops_ring, okawaru_gym_becter, nicolae_gozag_seed_capital,
          vehumet_statue, first_ration, uniq_edmund, uniq_menkaure
D:5:      layout_basic, kennysheep_little_box, old_standard_altar,
          chequers_ossuary_entry_cave, uniq_ijyb
D:6:      layout_rooms
D:7:      layout_basic, minmay_temple_entry_trees

Skill      XL: |  1  2  3  4  5  6  7  8 |
---------------+-------------------------+-----
Fighting       | 2 3 |  3.0
Axes           | 1 3 4 5 6 8 11 | 11.8
Armour         | 2 4 5 |  5.2
Dodging        | |  2.1
Stealth        | |  1.5
Spellcasting   | |  1.3
Conjurations   | |  0.6
Fire Magic     | |  2.1

Action                   |  1- 3 |  4- 6 |  7- 9 || total
-------------------------+-------+-------+-------++-------
Melee: Unarmed           |    36 |       |       ||    36
       Hand axe          |    52 |   145 |   321 ||   518
       Headbutt          |    15 |    20 |    50 ||    85
Throw: Boomerang         |     8 |     2 |     1 ||    11
       Dart              |       |     1 |     3 ||     4
       Throwing net      |       |       |     2 ||     2
Evoke: Wand              |       |     4 |     3 ||     7
  Use: Scroll            |     4 |     3 |     3 ||    10
       Potion            |     1 |     3 |     4 ||     8
 Stab: Sleeping          |     1 |       |     1 ||     2
  Eat: Chunk             |     1 |     7 |     6 ||    14
       Ration            |       |       |     1 ||     1
Armor: Robe              |    32 |       |       ||    32
       Ring mail         |     4 |    38 |       ||    42
       Scale mail        |       |    22 |   107 ||   129
Dodge: Dodged            |    75 |   106 |   124 ||   305
